AoeStats
← redpanda

Nomad

504310013Analyzed
2v2 RM · 29d ago on Sep 4, 2026· 65m 26s· 4 players
Game mode
Random Map
Map size
176×176
Population
200
Speed
Normal
Resources
Standard
Victory
Conquest
Starting age
Dark Age
Ending age
Imperial Age
RankedLock teamsTeams togetherTeam positionsShared explorationLock speedFull tech treeHidden civsTurbo modeCheats
Victory
Defeat
🇨🇱 Japanese · Chile
810
+16
🇦🇷 Huns · Argentina
771
+18
🇺🇸 Spanish · United States
915
-65
🇺🇸 Magyars · United States
700
-12
CookieMonstr36
16:41 Feudal Age
15:47 Loom
17:01 Horse Collar
17:09 Double-Bit Axe
18:09 Wheelbarrow
18:17 Gold Mining
25:27 Castle Age
25:28 Loom
27:20 Hand Cart
31:10 Bow Saw
37:56 Stone Mining
42:44 Corvinian Army
46:26 Imperial Age
50:47 Chemistry
redpanda
5:26 Loom
16:48 Feudal Age
17:12 Horse Collar
18:03 Double-Bit Axe
18:12 Gold Mining
20:26 Wheelbarrow
21:33 Stone Mining
23:06 Fletching
26:07 Castle Age
27:21 Bow Saw
27:14 Heavy Plow
28:06 Stone Shaft Mining
28:53 Wheelbarrow
28:44 Bodkin Arrow
30:09 Padded Archer Armor
33:19 Scale Mail Armor
32:42 Pikeman
35:32 Ballistics
38:13 Imperial Age
35:33 Town Watch
37:19 Hand Cart
38:51 Leather Archer Armor
38:53 Bloodlines
38:59 Elite Conquistador
44:05 Chain Mail Armor
46:47 Conscription
48:27 Capped Ram
52:19 Bracer
52:24 Halberdier
53:40 Ring Archer Armor
61:57 Onager
CHILEPALESTA
4:03 Loom
13:54 Feudal Age
14:26 Town Watch
14:54 Horse Collar
15:50 Double-Bit Axe
16:57 Fishing Lines
18:36 Wheelbarrow
18:05 Fletching
18:27 Forging
20:10 Gold Mining
19:59 Man-at-Arms
21:32 Stone Mining
23:21 Bloodlines
23:54 Scale Barding Armor
27:01 Arson
31:42 Castle Age
31:51 Crossbowman
32:30 Bodkin Arrow
33:11 Iron Casting
32:21 Light Cavalry
33:01 Husbandry
34:09 Gold Shaft Mining
34:34 Gambesons
35:23 Padded Archer Armor
35:23 Scale Mail Armor
38:18 Squires
37:39 Long Swordsman
42:31 Gillnets
43:07 Chain Barding Armor
42:48 Scale Mail Armor
43:05 Leather Archer Armor
42:15 Elite Skirmisher
48:06 Imperial Age
46:07 Yasama
46:33 Treadmill Crane
48:13 Masonry
47:55 Guard Tower
49:27 Bow Saw
49:49 Conscription
50:03 Chain Mail Armor
50:57 Heavy Plow
51:09 Thumb Ring
51:43 Hoardings
51:42 Ballistics
52:42 Chemistry
52:19 Two-Handed Swordsman
53:35 Medium Warships
57:10 Keep
56:42 Siege Engineers
56:34 Murder Holes
56:26 Arrowslits
56:05 Elite Samurai
56:52 Caravan
57:41 Champion
59:40 Arbalester
60:59 Bracer
64:17 Blast Furnace
63:48 Plate Mail Armor
63:50 Ring Archer Armor
63:49 Parthian Tactics
62:45 Heavy Cavalry Archer
TERRONE01
7:58 Loom
12:56 Feudal Age
13:27 Double-Bit Axe
22:15 Castle Age
20:11 Horse Collar
21:06 Stone Mining
21:10 Gold Mining
22:55 Wheelbarrow
22:07 Town Watch
28:53 Town Patrol
30:11 Hand Cart
30:19 Hand Cart
32:44 Scale Barding Armor
33:17 Gold Shaft Mining
32:54 Bow Saw
34:52 Heavy Plow
44:39 Imperial Age
42:52 Chain Barding Armor
42:39 Marauders
46:08 Conscription
45:09 Elite Tarkan
48:45 Husbandry
48:56 Bloodlines
60:57 Elite Skirmisher
61:43 Thumb Ring
64:37 Spies/Treason
Connection lost

Rejoining the realm…

Still unreachable

The connection could not be restored.

Session expired

The server has moved on; the page needs a fresh start.